 Dungeon Crawl Stone Soup version 0.30-a0-840-ga523dec638 (webtiles) character file.

Game seed: 14814127312804137765

68576 Lobster4 the Nimble (level 15, -1/113 HPs)
             Began as a Djinni Hedge Wizard on Feb 28, 2023.
             Was the Champion of the Shining One.
             Engulfed by a cloud of freezing vapour (16 damage)
             ... in an ice cave on Mar 1, 2023.
             The game lasted 01:40:22 (28220 turns).

Lobster4 the Nimble (Djinni Hedge Wizard)          Turns: 28220, Time: 01:40:22

Health: -1/113     AC: 16    Str:  9    XL:     15   Next: 70%
Gold:   1031       EV: 19    Int: 21    God:    the Shining One [******] SH:  0 Dex: 15

rFire   + + +      SeeInvis +    S - +6 quarterstaff (spect)
rCold   . . .      Faith    .    (shield currently unavailable)
rNeg    + + +      Spirit   .    p - +2 robe {rC+ rF+}
rPois   ∞          Reflect  .    x - +2 helmet {SInv}
rElec   .          Harm     .    n - +1 cloak
rCorr   .          Rampage  .    O - +1 pair of gloves
Will    +....                    (boots unavailable)
Stlth   ++++                     P - amulet of the acrobat
HPRegen 0.38/turn                s - +4 ring of protection
MPRegen 0.00/turn                v - ring of Shadows {Umbra +Inv Stlth+}

@: flying
A: sickness immunity, fire resistance 2, cold vulnerability 1, float, innate
caster, HP casting, extra vitality 1
a: Renounce Religion, Evoke Invisibility, Divine Shield, Cleansing Flame, Summon
Divine Warrior, Brand Weapon With Holy Wrath


You were in an ice cave.
You worshipped the Shining One.
The Shining One was exalted by your worship.
You visited 3 branches of the dungeon, and saw 18 of its levels.
You also visited: Gauntlet, Ice Cave and Volcano.

You collected 1414 gold pieces.
You spent 383 gold pieces at shops.

Inventory:

Hand Weapons
 w - the +6 quarterstaff of Laceration {freeze, rPois}
   (You bought it in a shop on level 3 of the Dungeon)

   rPois:     It protects you from poison.
 B - a +1 sling of electrocution
 C - the +8 autumn katana {manifold assault}
   (You found it on level 5 of the Lair of Beasts)

   Manifold Assault: It sometimes launches melee attacks against multiple
   visible enemies.
 D - a +1 spectral dagger
 S - a +6 spectral quarterstaff (weapon)
Missiles
 a - 63 poisoned darts
 F - 3 boomerangs
 G - 10 silver javelins
Armour
 b - a +0 buckler
 m - a +2 ring mail of fire resistance
 n - a +1 cloak (worn)
 p - a +2 robe of resistance (worn)
 r - +0 acid dragon scales
 t - a +0 troll leather armour
 x - a +2 helmet of see invisible (worn)
 K - the +0 helmet "Kimufum" {rElec Will- Str+2 Stlth+}
   (You found it in a Gauntlet)

   Str:       It affects your strength (+2).
   rElec:     It insulates you from electricity.
   Will:      It decreases your willpower.
   Stlth:     It makes you more stealthy.
 O - a +1 pair of gloves (worn)
Jewellery
 c - a ring of ice
 s - a +4 ring of protection (left hand)
 v - the ring of Shadows (right hand) {Umbra +Inv Stlth+}
   (You found it on level 3 of the Dungeon)

   [ring of stealth]

   Umbra:     It surrounds you with an aura of shadow, increasing your stealth
   and reducing the accuracy of all others within it.
   +Inv:      It lets you turn invisible.
   Stlth:     It makes you more stealthy.
 L - a +4 ring of slaying
 P - an amulet of the acrobat (around neck)
Wands
 j - a wand of mindburst (15)
 o - a wand of roots (15)
 y - a wand of charming (31)
 J - a wand of quicksilver (2)
 T - a wand of flame (9)
Scrolls
 d - 3 scrolls of enchant weapon
 e - a scroll of magic mapping
 g - 3 scrolls of silence
 h - 2 scrolls of immolation
 q - a scroll of identify
 u - 3 scrolls of enchant armour
 V - 2 scrolls of teleportation
Potions
 f - 7 potions of curing
 i - 4 potions of brilliance
 k - 3 potions of cancellation
 l - 3 potions of flight
 A - 2 potions of haste
 E - 2 potions of resistance
 I - 2 potions of might
 N - 2 potions of ambrosia
Miscellaneous
 M - a phial of floods
 Q - a lightning rod (4/4)


   Skills:
 + Level 12.9 Fighting
 - Level 4.0 Long Blades
 - Level 6.0 Staves
 - Level 2.0 Throwing
 - Level 8.0 Armour
 + Level 14.3 Dodging
 - Level 4.0 Stealth
 + Level 1.5 Shields
 + Level 10.4 Spellcasting
 + Level 4.5 Invocations
 - Level 7.0 Evocations


You knew the following spells:

 Your Spells              Type           Power      Damage    Failure   Level
a - Magic Dart            Conj           100%       1d8       1%          1
b - Sandblast             Erth           100%       2d20      1%          1
c - Slow                  Hex            100%       N/A       1%          1
d - Poisonous Vapours     Pois/Air       100%       N/A       1%          2
e - Mephitic Cloud        Conj/Pois/Air  53%        N/A       1%          3
f - Summon Lightning Spi  Summ/Air       53%        N/A       1%          4
g - Yara's Violent Unrav  Hex/Tmut       26%        3d11      2%          5
h - Ice Form              Ice/Tmut       53%        N/A       1%          4
i - Summon Guardian Gole  Hex/Summ       53%        N/A       1%          3
j - Eringya's Noxious Bo  Tmut/Pois      26%        N/A       13%         6
y - Call Imp              Summ           53%        N/A       1%          2
z - Blink                 Tloc           100%       N/A       1%          2
Your spell library was empty.

Dungeon Overview and Level Annotations

Branches:
Dungeon (12/15)            Temple (1/1) D:5            Lair (5/5) D:9
 Shoals (0/4) Lair:3       Spider (0/4) Lair:3        Slime (0/5) Lair:5
    Orc (0/2) D:12          IceCv (1/1)             Volcano (visited)
Gauntlet (visited)

Altars:
Ashenzari
Cheibriados
Dithmenos
Elyvilon
Fedhas
Gozag
Hepliaklqana
Makhleb
Nemelex Xobeh
Okawaru
Qazlal
Ru
Trog
Uskayaw
Wu Jian
Xom
Yredelemnul
Zin
The Shining One

Shops:
D:1 [   D:3 (   D:8 ?   D:12 ?

Portals:
Trove: D:10 (give +2 gold dragon scales)

Annotations:
Lair:5 exclusion: ice dragon IceCv exclusion: ice statue


Innate Abilities, Weirdness & Mutations

You are immune to sickness and miasma.
You are immune to poison.
Your flesh is very heat resistant. (rF++)
You are vulnerable to cold. (rC-)
You float through the air rather than walking.
You learn spells naturally, not from books.
Your magical power is your life essence.
You have superior vitality. (+4 MHP)


Message History

Your +6 spectral quarterstaff hits the ice statue but does no damage.
The ice statue gestures at you. The freezing blast misses you.
The ice beast closely misses you. x2
Your +6 spectral quarterstaff is engulfed in freezing vapours.
You hit the ice statue.
The ice statue is severely damaged.
Your +6 spectral quarterstaff hits the ice statue!
You are engulfed in freezing vapours.
Your +6 spectral quarterstaff is engulfed in freezing vapours.
Your spectral weapon shares its damage with you!
Your +6 spectral quarterstaff is engulfed in freezing vapours.
Your spectral weapon shares its damage with you!
The ice statue gestures at you. The shard of ice hits you!!
The ice beast hits you but does no damage.
The ice beast misses you.
Your +6 spectral quarterstaff is engulfed in freezing vapours.
Your spectral weapon shares its damage with you!
You hit the ice statue but do no damage.
The ice statue is almost destroyed.
Your +6 spectral quarterstaff hits the ice statue but does no damage.
You are engulfed in freezing vapours.
* * * LOW HITPOINT WARNING * * *
The ice statue gestures.
The ice beast barely misses you. The ice beast hits you.
* * * LOW HITPOINT WARNING * * *
The ice beast freezes you.
* * * LOW HITPOINT WARNING * * *
Your +6 spectral quarterstaff is engulfed in freezing vapours.
Your spectral weapon shares its damage with you!
* * * LOW HITPOINT WARNING * * *
The ice beast misses you.
Okay, then.
You hit the ice statue but do no damage.
The ice statue is almost destroyed.
Your +6 spectral quarterstaff hits the ice statue!
You destroy the ice statue!
The ice beast disappears in a puff of smoke! x3
You are engulfed in freezing vapours.
You die...

##### ##.....
##§...... ##..☼.....
#### #°(○......
##..## ##@.......
##....######°Y☼......
#.......##.☼☼........
#..∩∩........Y....⌠..
#...........Y........
##....##..##.........
##..########........
#### 8........
#........


You could see an ice statue, 3 ice beasts and a friendly +6 spectral
quarterstaff (summoned).

Vanquished Creatures
  Fannar (Lair:3)
  An ogre mage (Volcano)
  A hydra (Lair:2)
  A centaur warrior (D:8)
  7 death yaks
  2 boulder beetles
  Erica (D:8)
  A hell knight (Volcano)
  7 two-headed ogres
  A skeletal warrior (D:12)
  Amaemon (D:8)
  A lindwurm (Lair:5)
  Pikel (D:8)
  A wolf spider (Lair:3)
  A manticore (D:11)
  3 black mambas
  An apocalypse crab (Gauntlet)
  10 elephants
  Joseph (D:8)
  An ice statue (IceCv)
  A gargoyle (D:10)
  5 cane toads
  An orange demon (D:8)
  3 torpor snails (Lair:5)
  A rime drake (Lair:4)
  3 komodo dragons
  2 tyrant leeches (Lair:5)
  A troll (D:12)
  10 polar bears
  A raiju (Lair:5)
  A queen bee (Gauntlet)
  7 hornets (Lair:5)
  4 blink frogs
  7 dream sheep (Lair:5)
  5 slime creatures
  A snapping turtle (Lair:3)
  A jumping spider (Lair:3)
  A shadow (D:12)
  2 wraiths (Lair:4)
  A water elemental (D:12)
  6 wyverns
  18 yaks
  4 basilisks
  2 steam dragons (D:7)
  A redback (Lair:3)
  6 wargs
  2 acid dragons
  8 hell hounds (Lair:5)
  11 water moccasins
  2 sky beasts
  An ice beast (D:5)
  8 black bears
  3 orc warriors
  4 ogres
  14 wolves
  6 centaurs
  A lemure (D:8)
  2 phantoms (D:6)
  4 kobold brigands
  13 bullfrogs
  Blork the orc (D:5)
  4 necrophages
  A gnoll sergeant (D:9)
  3 scorpions (D:5)
  8 killer bees
  2 jellies
  2 howler monkeys
  6 orc priests
  A gnoll bouda (D:9)
  An iron imp (D:10)
  14 orc wizards
  6 iguanas
  7 gnolls
  10 adders
  A shadow imp (D:5)
  2 white imps
  5 worms
  3 dart slugs
  40 orcs
  9 endoplasms
  6 giant cockroaches
  15 goblins
  6 hobgoblins
  4 jackals
  4 quokkas
  7 ball pythons
  5 bats
  2 frilled lizards (D:2)
  30 kobolds
  5 rats
  A spectral orc (D:5)
429 creatures vanquished.

Vanquished Creatures (collateral kills)
  Gastronok (Lair:3)
  A minotaur (Gauntlet)
  Josephine (Lair:4)
  A hydra (Lair:5)
  2 two-headed ogres
  5 death yaks (Lair:4)
  A lindwurm (Lair:5)
  A manticore (Lair:5)
  5 elephants
  2 torpor snails (Lair:5)
  A black mamba (Lair:4)
  6 cane toads
  A gargoyle (D:11)
  A rime drake (Lair:3)
  5 polar bears (Lair:5)
  A tyrant leech (Lair:5)
  A hornet (Lair:5)
  4 blink frogs (Lair:4)
  5 dream sheep (Lair:5)
  A slime creature (D:12)
  7 wraiths
  16 yaks
  3 basilisks
  A death yak simulacrum (IceCv)
  3 wargs
  A water moccasin (Lair:5)
  6 hell hounds (Lair:5)
  An orc warrior (D:9)
  5 black bears (Lair:5)
  4 wolves (Lair:5)
  An elephant simulacrum (IceCv)
  A killer bee (D:10)
  3 howler monkeys (D:12)
  A jelly (Lair:4)
  3 orc priests
  3 orc wizards
  A troll simulacrum (IceCv)
  2 wolf simulacra (IceCv)
  2 gnolls (D:9)
  A naga simulacrum (IceCv)
  20 orcs
131 creatures vanquished.

Vanquished Creatures (others)
  A gnoll bouda (D:5)
  22 fungi
  70 plants
93 creatures vanquished.

Grand Total: 653 creatures vanquished

Notes
Turn   | Place    | Note
-------+----------+-------------------------------------------
     0 | D:1      | Lobster4 the Djinni Hedge Wizard began the quest for the
                  | Orb.
     0 | D:1      | Lobster4 set off with the following spells memorised: Magic
                  | Dart, Slow, Blink, Call Imp, Mephitic Cloud.
     0 | D:1      | Reached XP level 1. HP: 15/15 MP: 0/0
   162 | D:1      | Reached XP level 2. HP: 17/22 MP: 0/0
   427 | D:1      | Found Wuihial's Armour Shop.
   664 | D:1      | Reached XP level 3. HP: 6/26 MP: 0/0
   664 | D:1      | Learned a level 1 spell: Sandblast
  1281 | D:2      | Reached skill level 1 in Fighting
  1281 | D:2      | Reached skill level 1 in Armour
  1407 | D:2      | Reached XP level 4. HP: 32/32 MP: 0/0
  1700 | D:2      | Reached skill level 3 in Dodging
  1763 | D:2      | Reached XP level 5. HP: 26/38 MP: 0/0
  1763 | D:2      | Learned a level 2 spell: Poisonous Vapours
  2409 | D:3      | Found Viqig's Antique Weapon Shoppe.
  2657 | D:3      | Reached XP level 6. HP: 42/43 MP: 0/0
  3142 | D:3      | Found the ring of Shadows {Umbra +Inv Stlth+}
  3390 | D:3      | Found a burning altar of Makhleb.
  3390 | D:3      | Noticed a balrug
  3533 | D:3      | Bought a dazzling quarterstaff for 162 gold pieces
  3533 | D:3      | Identified the +6 quarterstaff of Laceration {freeze,
                  | rPois} (You bought it in a shop on level 3 of the Dungeon)
  3550 | D:4      | You are sucked into a shaft and drop 1 floor!
  3550 | D:5      | Entered Level 5 of the Dungeon
  4103 | D:4      | Found a blossoming altar of Fedhas.
  4236 | D:4      | Noticed an ogre
  4512 | D:4      | Killed an ogre
  4513 | D:4      | Reached skill level 1 in Staves
  4513 | D:4      | Reached skill level 4 in Dodging
  4513 | D:4      | Reached XP level 7. HP: 42/49 MP: 0/0
  4513 | D:4      | Learned a level 3 spell: Summon Guardian Golem
  4571 | D:5      | Noticed Blork the orc
  4571 | D:5      | Found a white marble altar of Elyvilon.
  4644 | D:5      | Reached skill level 1 in Evocations
  5053 | D:5      | Reached skill level 1 in Throwing
  5159 | D:5      | Found a staircase to the Ecumenical Temple.
  5168 | Temple   | Entered the Ecumenical Temple
  5481 | D:5      | Reached XP level 8. HP: 8/56 MP: 0/0
  5688 | D:5      | Killed Blork the orc
  6715 | D:5      | Found a hazy altar of Hepliaklqana.
  7130 | D:6      | Reached skill level 5 in Dodging
  7130 | D:6      | Reached XP level 9. HP: 52/62 MP: 0/0
  7130 | D:6      | Learned a level 4 spell: Ice Form
  7409 | D:6      | Found a sparkling altar of Nemelex Xobeh.
  7433 | D:6      | Found an opulent altar of Gozag.
  7479 | D:6      | Found a shadowy altar of Dithmenos.
  8562 | D:7      | Reached skill level 6 in Dodging
  8568 | D:7      | Reached skill level 5 in Armour
  8845 | D:7      | Reached skill level 5 in Fighting
  8845 | D:7      | Reached XP level 10. HP: 67/70 MP: 0/0
  9244 | D:7      | Found a glowing golden altar of the Shining One.
  9332 | D:7      | Found a white marble altar of Elyvilon.
  9522 | D:7      | Became a worshipper of the Shining One
  9856 | D:8      | Noticed an orange demon
  9876 | D:8      | Killed an orange demon
  9877 | D:8      | Reached skill level 5 in Spellcasting
 10037 | D:8      | Found Pomiolo's Magic Scroll Shoppe.
 10055 | D:8      | Bought a scroll of enchant weapon for 75 gold pieces
 10055 | D:8      | Bought a scroll of silence for 95 gold pieces
 10137 | D:8      | Noticed Joseph
 10163 | D:8      | Noticed Amaemon
 10201 | D:8      | Killed Joseph
 10202 | D:8      | Reached skill level 7 in Dodging
 10702 | D:8      | Noticed Erica
 10715 | D:8      | Killed Erica
 10863 | D:8      | Noticed Pikel
 11048 | D:8      | Killed Amaemon
 11210 | D:8      | Reached XP level 11. HP: 66/78 MP: 0/0
 11210 | D:8      | Learned a level 4 spell: Summon Lightning Spire
 11455 | D:8      | Killed Pikel
 11456 | D:8      | Reached skill level 8 in Dodging
 11534 | D:8      | Noticed a centaur warrior
 11549 | D:8      | Killed a centaur warrior
 11801 | D:9      | Found an iron altar of Okawaru.
 11901 | D:9      | Reached skill level 5 in Staves
 12145 | D:9      | Reached * piety under the Shining One
 12628 | D:9      | Reached skill level 9 in Dodging
 12636 | D:9      | Found a staircase to the Lair.
 12851 | D:9      | Noticed a two-headed ogre
 13441 | D:9      | Killed a two-headed ogre
 13442 | D:9      | Reached XP level 12. HP: 63/86 MP: 0/0
 13549 | D:10     | Entered Level 10 of the Dungeon
 13595 | D:10     | Found a hide-covered altar of Uskayaw.
 13670 | D:10     | Noticed a two-headed ogre
 13725 | D:10     | Killed a two-headed ogre
 13770 | D:10     | Found a broken altar of Ashenzari.
 13883 | D:10     | Found a portal to a secret trove of treasure.
 13906 | D:10     | Found a bloodstained altar of Trog.
 13998 | D:10     | Noticed a two-headed ogre
 14025 | D:10     | Found a snail-covered altar of Cheibriados.
 14066 | D:10     | Killed a two-headed ogre
 14067 | D:10     | Reached skill level 1 in Invocations
 15036 | Lair:1   | Entered Level 1 of the Lair of Beasts
 15132 | Lair:1   | Found a dark tunnel.
 15137 | Volcano  | Entered a volcano
 15154 | Volcano  | Noticed a two-headed ogre
 15178 | Volcano  | Killed a two-headed ogre
 15259 | Volcano  | Noticed a hell knight
 15259 | Volcano  | Reached ** piety under the Shining One
 15271 | Volcano  | Noticed a two-headed ogre
 15286 | Volcano  | Killed a two-headed ogre
 15305 | Volcano  | Noticed a two-headed ogre
 15314 | Volcano  | Killed a hell knight
 15318 | Volcano  | Killed a two-headed ogre
 15458 | Volcano  | Noticed a two-headed ogre
 15460 | Volcano  | Noticed an ogre mage
 15461 | Volcano  | Noticed a two-headed ogre
 15478 | Volcano  | Killed a two-headed ogre
 15481 | Volcano  | Killed a two-headed ogre
 15482 | Volcano  | Reached skill level 10 in Dodging
 15503 | Volcano  | Killed an ogre mage
 16027 | Lair:1   | Reached skill level 5 in Evocations
 16124 | Lair:1   | You are sucked into a shaft and drop 1 floor!
 16276 | Lair:1   | Reached XP level 13. HP: 63/94 MP: 0/0
 16276 | Lair:1   | Learned a level 5 spell: Yara's Violent Unravelling
 17349 | Lair:2   | HP: 4/94 [death yak (15)]
 17991 | Lair:2   | Noticed a four-headed hydra
 17999 | Lair:2   | Killed a four-headed hydra
 18000 | Lair:2   | Reached skill level 11 in Dodging
 18244 | Lair:2   | Reached skill level 10 in Fighting
 18608 | Lair:3   | Noticed Fannar
 18708 | Lair:3   | Found a gate leading to a gauntlet.
 18718 | Gauntlet | Entered a Gauntlet
 18718 | Gauntlet | Found a transporter.
 18718 | Gauntlet | Found a transporter.
 18722 | Gauntlet | Found a transporter.
 18722 | Gauntlet | Found a transporter.
 18734 | Gauntlet | Found a transporter.
 18746 | Gauntlet | Found a transporter.
 18751 | Gauntlet | Found a transporter.
 18751 | Gauntlet | Found a transporter.
 18751 | Gauntlet | Noticed a quicksilver ooze
 18756 | Gauntlet | Found a transporter.
 18783 | Gauntlet | Found a transporter.
 18790 | Gauntlet | Found a transporter.
 18808 | Gauntlet | Found a transporter.
 18854 | Gauntlet | Found a transporter.
 18870 | Gauntlet | Found a transporter.
 18969 | Gauntlet | Found a transporter.
 18987 | Gauntlet | Found a transporter.
 19212 | Gauntlet | Identified the +0 helmet "Kimufum" {rElec Will- Str+2
                  | Stlth+}
 19239 | Gauntlet | Noticed a minotaur
 19259 | Gauntlet | Killed a minotaur
 19318 | Gauntlet | Identified the +2 scimitar of Gloom {drain, rPois}
 19385 | Lair:3   | Reached *** piety under the Shining One
 19523 | Lair:3   | Killed Fannar
 20506 | Lair:3   | Noticed Gastronok
 20521 | Lair:3   | Killed Gastronok
 20522 | Lair:3   | Reached XP level 14. HP: 57/103 MP: 0/0
 20671 | Lair:3   | Found a staircase to the Shoals.
 20798 | Lair:3   | Found a hole to the Spider Nest.
 20970 | Lair:4   | Reached skill level 12 in Dodging
 21129 | Lair:4   | Noticed Josephine
 21133 | Lair:4   | Killed Josephine
 22038 | Lair:5   | Entered Level 5 of the Lair of Beasts
 22073 | Lair:5   | Reached **** piety under the Shining One
 23023 | Lair:5   | Found the +8 autumn katana {manifold assault}
 23060 | Lair:5   | Reached skill level 13 in Dodging
 23083 | Lair:5   | Found a staircase to the Slime Pits.
 23605 | Lair:5   | Reached skill level 1 in Long Blades
 23796 | Lair:5   | Reached XP level 15. HP: 100/112 MP: 0/0
 23796 | Lair:5   | Learned a level 6 spell: Eringya's Noxious Bog
 24180 | Lair:5   | Found a runed translucent door.
 24249 | Lair:5   | Reached skill level 10 in Spellcasting
 24608 | Lair:5   | Reached ***** piety under the Shining One
 25079 | Lair:5   | Reached skill level 14 in Dodging
 27212 | D:12     | Reached skill level 1 in Shields
 27529 | D:12     | Found Boimur's Magic Scroll Boutique.
 27532 | D:12     | Bought a scroll of teleportation for 51 gold pieces
 27578 | D:12     | Found a frozen archway.
 27582 | IceCv    | Entered an ice cave
 27840 | IceCv    | Reached ****** piety under the Shining One
 28204 | IceCv    | Upgraded the game from 0.30-a0-830-gfe289a77b0 to
                  | 0.30-a0-840-ga523dec638
 28220 | IceCv    | Engulfed by a cloud of freezing vapour

Illustrated notes

Levels and vault maps discovered:
D:1:      evilmike_arrival_crescent, layout_loops_corners, serial_shops,
          nicolae_shop_crystal, bh_walls_and_bars
D:2:      layout_basic
D:3:      layout_loops_ring, makhleb_altar_promises_db, serial_shops,
          nicolae_shop_behind_doors, serial_bayou_lagoon_a,
          small_statue_intersection, grunt_ministairs_9
D:4:      layout_cave_pods, mainiacjoe_overflow_paths, minmay_ogre_servants
D:5:      layout_loops_ring, nicolae_hepliaklqana_monster_ancestors,
          minmay_temple_entry_antechambers, moated_statue, minmay_ruined_shrine,
          uniq_blork_the_orc
D:6:      layout_cave_pods, nemelex_xobeh_ov_fountains_minmay,
          grunt_dithmenos_shadows, nicolae_gozag_seed_capital,
          hangedman_minor_gate_pass
D:7:      layout_loops_corners, mainiacjoe_overflow_alcove_4,
          lemuel_coloured_pillars_altar
D:8:      layout_basic, serial_shops, nicolae_shop_waterfront,
          minmay_three_doors, uniq_erica, uniq_pikel, uniq_joseph, uniq_amaemon
D:9:      layout_basic, mainiacjoe_overflow_surrounded_room,
          mainiacjoe_overflow_catwalk, erik_lair_orcish_takeover,
          minmay_diced_spiral
D:10:     layout_loops_ring, trog_three_pillars_becter,
          eat_drink_and_be_merry_uskayaw, mainiacjoe_overflow_24_doors,
          chei_slow_surprise, nicolae_trove_entry_free_sample
D:11:     layout_roguey
D:12:     layout_big_octagon, hiddenorc2_lemuel,
          portal_ice_cave_entry_pillars_2, serial_shops, kennysheep_mini,
          st_stairs_12
Temple:   hellmonk_temple_forest_ring
Lair:1:   layout_chaotic_city, enter_volcano_4, infiniplex_staircase_pool
Lair:2:   layout_gridlike, serial_bayou_shore_a, infiniplex_staircase_pool_2
Lair:3:   layout_hall_layers, minmay_shoals_entry_hut,
          spider_nest_entry_funnel_web, gauntlet_entry_generic, minivault_11,
          uniq_gastronok, uniq_fannar
Lair:4:   layout_regular_city, serial_bayou_shore_b, uniq_josephine
Lair:5:   hangedman_lair_caniforms_friends, layout_regular_city, wormcave,
          minmay_slime_entry_pillars
IceCv:    ice_cave_tombish

Skill      XL: |  1  2  3  4  5  6  7  8  9 10 11 12 13 14 15 |
---------------+----------------------------------------------+-----
Fighting       | 1 2 3 5 6 8 9 10 12 | 12.9
Armour         | 1 2 3 5 6 7 8 |  8.0
Stealth        | 2 3 4 |  4.0
Dodging        | 3 4 5 6 7 9 10 11 13 14 | 14.3
Spellcasting   | 3 4 5 6 7 8 9 10 | 10.4
Staves         | 1 2 4 5 6 |  6.0
Evocations     | 1 2 3 5 6 7 |  7.0
Throwing       | 1 2 |  2.0
Invocations    | 3 4 |  4.5
Long Blades    | 1 4 |  4.0
Shields        | 1 |  1.5

Action                     |  1- 3 |  4- 6 |  7- 9 | 10-12 | 13-15 || total
---------------------------+-------+-------+-------+-------+-------++-------
  Melee: Dagger            |       |     4 |       |       |       ||     4
         Short sword       |       |     1 |       |       |       ||     1
         Quarterstaff      |       |       |     8 |    32 |    51 ||    91
  Throw: Dart              |       |       |       |    11 |     1 ||    12
   Cast: Magic Dart        |    81 |   104 |    51 |   169 |   231 ||   636
         Sandblast         |     3 |    63 |   172 |   240 |   426 ||   904
         Poisonous Vapours |       |     7 |    62 |    90 |   108 ||   267
         Slow              |       |     2 |    11 |    25 |    14 ||    52
         Mephitic Cloud    |       |     1 |     1 |    14 |    21 ||    37
         Call Imp          |       |       |     4 |       |       ||     4
         Summon Guardian G |       |       |     1 |       |     2 ||     3
         Blink             |       |       |     1 |       |       ||     1
         Summon Lightning  |       |       |       |    20 |    98 ||   118
         Eringya's Noxious |       |       |       |       |     1 ||     1
  Evoke: Wand              |       |       |     4 |       |     7 ||    11
         Lightning rod     |       |       |       |       |     2 ||     2
    Use: Scroll            |     1 |     5 |    10 |    11 |    16 ||    43
         Potion            |       |       |     6 |     2 |     7 ||    15
 Armour: Robe              |     5 |    12 |    75 |    71 |   157 ||   320
  Dodge: Dodged            |     9 |    39 |   155 |   212 |   505 ||   920

Table legend: (Time is in decaauts)
 A = Elapsed time spent in this place.
 B = Non-inter-level travel time spent in this place.
 C = Inter-level travel time spent in this place.
 D = Time resting spent in this place.
 E = Time spent auto-exploring this place.
 F = Levels seen in this place.
 G = Mean time per level.
                   A        B        C        D        E       F      G
               +--------+--------+--------+--------+--------+-----+--------+
         Total |  28698 |  27213 |   1485 |   4782 |  16249 |  21 | 1366.6 |
       Dungeon |  16693 |  15643 |   1050 |   2229 |  10072 |  12 | 1391.1 |
        Temple |    166 |    149 |     17 |      0 |    140 |   1 |  166.0 |
          Lair |  10063 |   9645 |    418 |   1880 |   5516 |   5 | 2012.6 |
      Ice Cave |    642 |    642 |      0 |    517 |      3 |   1 |  642.0 |
       Volcano |    504 |    504 |      0 |     61 |    234 |   1 |  504.0 |
      Gauntlet |    627 |    627 |      0 |     94 |    284 |   1 |  627.0 |
               +--------+--------+--------+--------+--------+-----+--------+

Top non-repeatable levels by time:
  Lair:5: 2985 daAuts
  Lair:4: 2216 daAuts
     D:8: 2177 daAuts
     D:5: 2129 daAuts
     D:9: 1895 daAuts
  Lair:3: 1787 daAuts
     D:7: 1669 daAuts
  Lair:1: 1584 daAuts
  Lair:2: 1489 daAuts
     D:2: 1413 daAuts
     D:6: 1282 daAuts
    D:10: 1253 daAuts
    D:11: 1216 daAuts
     D:1: 1201 daAuts
     D:4: 1049 daAuts
